 Dungeon Crawl Stone Soup version 0.26-a0-651-gb41185065b (webtiles) character file.

Game seed: 6304879675333424931

15 Lanoc the Skirmisher (level 2, -1/29 HPs)
             Began as a Barachi Wanderer on Oct 29, 2020.
             Slain by a hound (4 damage)
             ... on level 2 of the Dungeon.
             The game lasted 00:00:57 (579 turns).

Lanoc the Skirmisher (Barachi Wanderer)              Turns: 579, Time: 00:00:58

Health: -1/29      AC:  2    Str: 13    XL:     2   Next: 50%
Magic:  2/2        EV: 12    Int: 17    God:
Gold:   31         SH:  0    Dex: 12    Spells: 1/1 levels left

rFire    . . .     SeeInvis .   a - +2 dagger
rCold    . . .     Faith    .   (no shield)
rNeg     . . .     Spirit   .   e - +0 robe
rPois    .         Reflect  .   (no helmet)
rElec    .         Harm     .   (no cloak)
rCorr    .         Rampage  .   (no gloves)
MR       .....                  (no boots)
Stlth    ++........             (no amulet)
HPRegen  0.09/turn              d - +6 ring of intelligence
MPRegen  0.08/turn              (no ring)

@: slow
A: +LOS, swims, slowness 1, strong legs 1
a: Hop


You were on level 2 of the Dungeon.
You visited 1 branch of the dungeon, and saw 3 of its levels.

You collected 31 gold pieces.

Inventory:

Hand Weapons
 a - a +2 dagger (weapon)
 c - a +0 short sword
Armour
 e - a +0 robe (worn)
Jewellery
 d - a +6 ring of intelligence (left hand)
Scrolls
 f - a scroll of remove curse {unknown}


   Skills:
 + Level 6.3 Fighting
 - Level 2.1 Short Blades
 + Level 1.5 Dodging
 - Level 1.0 Stealth
   Level 1.1 Shields
   Level 1.1 Evocations


You had one spell level left.
You didn't know any spells.
Your spell library was empty.

Dungeon Overview and Level Annotations

Branches:
Dungeon (3/15)

Altars:


Innate Abilities, Weirdness & Mutations

You can be seen from farther away. (+LOS)
You can swim through water.
You cover ground slowly.
You can hop short distances.


Message History

* * * LOW HITPOINT WARNING * * *
You hit the hound but do no damage.
The hound is moderately wounded.
The hound bites you.
* * * LOW HITPOINT WARNING * * *
You aren't carrying any potions.
As you read the scroll of fear, it crumbles to dust.
You assume a fearsome visage.
The hound looks frightened!
The orc looks frightened!
A hound comes into view.
The hound barks!
There is a stone staircase leading up here.
The hound bites you.
* * * LOW HITPOINT WARNING * * *
You climb upwards.
Found a gold piece, a cyan potion and a ring mail.
There is a stone staircase leading down here.
The hound barely misses you. The hound bites you.
You die...

## .. .# ##.# #
##...#.# ....[..#
## #.....
#...####..###.#.#
#.$@h>........
#.####.###.#.# #
.!. ##.# ... #.#
.# #


You could see a hound.

Vanquished Creatures
  An ooze (D:1)
  An orc (D:3)
  A bat (D:1)
  A hobgoblin (D:1)
  A kobold (D:1)
  A quokka (D:3)
  A frilled lizard (D:1)
  3 rats
10 creatures vanquished.

Notes
Turn   | Place    | Note
-------+----------+-------------------------------------------
     0 | D:1      | Lanoc the Barachi Wanderer began the quest for the Orb.
     0 | D:1      | Lanoc set off with the following items: a +2 dagger, a
                  | scroll of fear, a +0 short sword, a potion of curing, a +0
                  | robe
     0 | D:1      | Reached XP level 1. HP: 22/22 MP: 1/1
    46 | D:1      | Reached skill level 1 in Dodging
    46 | D:1      | Reached XP level 2. HP: 13/28 MP: 2/2
   579 | D:2      | Slain by a hound

Illustrated notes

Levels and vault maps discovered:
D:1:      mrwooster_arrival_statue, layout_rooms, minmay_misc_feat_more_columns
D:2:      layout_basic, vehumet_crystals
D:3:      layout_rooms, makhleb_blood_cavern_becter, serial_bayou_pond_a,
          grunt_ministairs_1

Skill      XL: |  1 |
---------------+----+-----
Dodging        | 1 |  1.5
Fighting       | |  6.3
Short Blades   | |  2.1
Stealth        | |  1.0
Shields        | |  1.1
Evocations     | |  1.1

Action                   || total
-------------------------++-------
Melee: Dagger            ||    46
  Use: Potion            ||     1
       Scroll            ||     1
Armor: Robe              ||     7
Dodge: Dodged            ||    38

Table legend: (Time is in decaauts)
 A = Elapsed time spent in this place.
 B = Non-inter-level travel time spent in this place.
 C = Inter-level travel time spent in this place.
 D = Time resting spent in this place.
 E = Time spent auto-exploring this place.
 F = Levels seen in this place.
 G = Mean time per level.
                   A        B        C        D        E       F      G
               +--------+--------+--------+--------+--------+-----+--------+
         Total |    612 |    584 |     28 |      0 |    471 |   3 |  204.0 |
       Dungeon |    612 |    584 |     28 |      0 |    471 |   3 |  204.0 |
               +--------+--------+--------+--------+--------+-----+--------+

Top non-repeatable levels by time:
     D:1: 254 daAuts
     D:3: 219 daAuts
     D:2: 137 daAuts
